Map: Ruby Rock LE

Players

PrinceAbubu - Winner!

  • Race: Zerg Zerg
  • League: Diamond
  • Spawn Location: 5:00

Morpheus

  • Race: Protoss Protoss
  • League: Diamond
  • Spawn Location: 11:00

VOD

Have the link to the VOD?

Description

Muta opening into fast hive

Time

  • Played on: Dec. 30, 2025, 1:54 p.m.
  • Length: 16:39
Show
View Real Time Build Order
Export as new Build Order

PrinceAbubu Zerg - Winner!

Build Orders: Hatch First, Brood Lord Corruptor 

Get SALT Encoding   

  12  0:00  Drone  
  13  0:08  Drone  
  13  0:14  Extractor  
  13  0:15  Drone  
  15  0:22  Overlord  
  15  0:41  Drone  
  16  0:46  Hatchery  
  16  0:49  Drone  
  16  0:52  Drone  
  16  0:55  Extractor  
  16  0:58  Drone  
  17  1:12  Spawning Pool  
  17  1:15  Drone  
  17  1:21  Drone  
  18  1:27  Drone  
  19  1:37  Drone  
  20  1:48  Drone  
  20  1:52  Extractor  
  20  2:00  Lair, Queen  
  22  2:02  Zergling x4  
  24  2:13  Drone x2  
  26  2:21  Drone, Overlord  
  27  2:34  Drone, Overlord  
  28  2:40  Queen  
  28  2:43  Drone  
  31  2:44  Drone  
  32  2:54  Extractor  
  31  2:58  Spire  
  31  3:00  Drone  
  31  3:01  Drone  
  31  3:04  Drone  
  33  3:14  Drone x3  
  36  3:20  Drone x2  
  38  3:35  Overlord  
  38  3:39  Drone x2  
  38  3:40  Drone  
  41  3:42  Drone  
  42  3:59  Metabolic Boost  
  42  4:04  Mutalisk x5  
  52  4:14  Overlord x2  
  52  4:28  Hatchery  
  51  4:31  Drone  
  51  4:32  Queen  
  54  4:39  Drone x5  
  59  4:50  Drone  
  59  4:51  Overlord  
  58  5:17  Extractor  
  57  5:22  Infestation Pit, Drone x3  
  57  5:23  Evolution Chamber  
  57  5:24  Evolution Chamber, Zergling x8  
  57  5:25  Zergling x2  
  57  5:26  Zergling x6  
  65  5:36  Zerg Flyer Weapons Level 1  
  65  5:41  Queen  
  67  5:48  Drone x7  
  74  5:51  Overlord  
  74  5:58  Hive  
  74  5:59  Overlord  
  74  6:02  Zerg Ground Armor Level 1, Zerg Melee Weapons Level 1  
  74  6:21  Zergling x16  
  74  6:23  Queen  
  76  6:28  Zergling x10  
  66  6:45  Zergling x14  
  64  6:57  Zergling x6  
  62  7:09  Drone x7  
  69  7:30  Greater Spire  
  69  7:31  Drone x4  
  69  7:32  Drone x4  
  69  7:36  Extractor  
  76  7:37  Extractor  
  76  7:41  Viper x3  
  84  7:49  Drone x3  
  84  7:50  Hatchery  
  86  7:52  Drone x3  
  86  7:53  Overlord  
  86  7:55  Drone x3  
  92  8:15  Drone x7  
  99  8:23  Corruptor x4  
  99  8:26  Corruptor  
  106  8:28  Overlord x2  
  106  8:42  Adrenal Glands  
  106  8:49  Extractor  
  106  8:52  Extractor, Corruptor x5  
  114  9:03  Drone  
  114  9:04  Drone, Overlord  
  114  9:05  Overlord x3  
  116  9:27  Brood Lord x4  
  124  9:33  Hatchery  
  123  9:40  Zergling x30  
  123  9:41  Zergling x8  
  142  9:51  Queen  
  144  9:53  Drone x3  
  144  9:54  Drone x2  
  144  9:59  Brood Lord x4  
  157  10:02  Overlord x2  
  157  10:03  Overlord  
  157  10:08  Zerg Flyer Weapons Level 2  
  157  10:15  Overlord x3  
  157  10:23  Brood Lord x2  
  161  10:43  Ultralisk Cavern  
  161  10:44  Zerg Melee Weapons Level 2  
  160  10:50  Zerg Missile Weapons Level 1  
  160  10:51  Hydralisk Den  
  160  10:52  Zergling x2  
  160  10:53  Zergling x44  
  182  11:09  Extractor  
  166  11:39  Ultralisk x6  
  184  11:44  Zergling x34  
  184  12:02  Hydralisk x8  
  196  12:14  Zergling x2  
  196  12:15  Zergling x22  
  184  12:26  Ultralisk  
  158  12:45  Zerg Ground Armor Level 2  
  158  13:09  Chitinous Plating  
  158  13:11  Zergling x2  
  158  13:12  Zergling x28  
  119  13:41  Ultralisk x8  
  157  13:43  Zergling x8  
  157  13:44  Zergling x4  
  163  13:54  Zerg Flyer Weapons Level 3  
  163  14:07  Corruptor x5  
  158  14:42  Brood Lord  
  158  14:43  Brood Lord x4  
  158  14:45  Zergling x36  
  177  14:46  Zergling x2  
  187  14:57  Overseer  
  187  14:58  Overseer x3  
  151  15:45  Hatchery  
  151  15:47  Zergling x42  
  151  15:48  Zergling x28  
  155  16:04  Zergling x22  
Show
View Real Time Build Order
Export as new Build Order

Morpheus Protoss 

Build Orders: Chargelot Immortal 

Get SALT Encoding   

  12  0:00  Probe  
  13  0:12  Probe  
  14  0:20  Pylon  
  14  0:24  Probe  
  15  0:35  Probe  
  15  0:38  Gateway  
  16  0:43  Probe  
  16  0:48  Assimilator  
  17  0:52  Probe  
  18  1:00  Probe  
  18  1:08  Probe  
  20  1:18  Probe  
  21  1:29  Cybernetics Core  
  21  1:30  Probe  
  22  1:42  Probe, Pylon  
  22  1:44  Assimilator  
  23  2:00  Probe  
  24  2:01  Nexus  
  24  2:06  Adept  
  24  2:07  Warp Gate  
  26  2:12  Probe  
  27  2:19  Pylon  
  27  2:24  Probe  
  27  2:28  Robotics Facility  
  30  2:37  Sentry  
  30  2:40  Probe  
  30  2:43  Gateway  
  31  2:52  Probe  
  31  2:58  Stalker  
  32  3:03  Probe  
  35  3:10  Probe  
  35  3:12  Probe  
  35  3:15  Observer  
  35  3:18  Probe  
  38  3:20  Probe  
  40  3:28  Probe  
  40  3:30  Probe  
  42  3:39  Immortal, Assimilator  
  42  3:40  Probe  
  47  3:42  Probe  
  47  3:43  Assimilator  
  48  3:52  Probe, Robotics Facility  
  48  3:54  Probe  
  50  4:04  Probe  
  50  4:06  Probe  
  52  4:10  Pylon  
  52  4:16  Pylon  
  52  4:24  Probe x2  
  54  4:33  Shield Battery  
  54  4:35  Shield Battery  
  54  4:37  Stalker x2  
  58  4:40  Immortal, Probe x2  
  60  4:46  Robotics Bay  
  60  4:52  Probe x2  
  64  5:04  Stalker x2, Probe x2  
  66  5:16  Probe x2  
  68  5:24  Extended Thermal Lance, Nexus  
  68  5:28  Probe x2  
  68  5:34  Pylon  
  70  5:52  Probe x2  
  72  6:02  Pylon  
  72  6:04  Stalker x2  
  72  6:07  Pylon  
  76  6:30  Immortal  
  72  6:34  Probe x2  
  72  6:35  Probe  
  72  6:36  Stalker x2  
  81  6:41  Colossus  
  81  6:43  Probe  
  80  6:49  Probe x2  
  80  6:52  Probe  
  80  6:59  Twilight Council  
  80  7:00  Forge  
  81  7:02  Pylon  
  81  7:05  Gateway  
  81  7:06  Gateway, Pylon  
  81  7:07  Gateway  
  79  7:09  Gateway  
  79  7:13  Probe x3  
  79  7:15  Stalker x2  
  82  7:16  Colossus  
  82  7:20  Shield Battery  
  82  7:25  Probe x3  
  82  7:27  Charge  
  82  7:29  Protoss Ground Weapons Level 1  
  91  7:37  Probe x3  
  91  7:44  Stalker x2  
  96  7:49  Probe x3  
  101  7:57  Assimilator  
  101  8:00  Colossus  
  101  8:01  Probe x2  
  101  8:02  Probe  
  101  8:03  Assimilator  
  110  8:13  Probe x2  
  110  8:14  Probe  
  110  8:19  Pylon  
  113  8:24  Pylon  
  113  8:27  Probe x2  
  114  8:28  Nexus  
  114  8:29  Gateway x2  
  114  8:31  Pylon  
  114  8:32  Zealot  
  114  8:33  Zealot x4  
  125  8:34  Pylon  
  125  8:37  Probe  
  125  8:39  Probe  
  127  8:41  Forge  
  127  8:46  Pylon  
  127  8:49  Pylon  
  127  9:00  Stalker  
  127  9:01  Stalker  
  127  9:02  Stalker x2  
  135  9:03  Probe x2  
  135  9:06  Shield Battery  
  135  9:07  Zealot x2  
  135  9:08  Protoss Ground Armor Level 1  
  141  9:10  Immortal, Probe  
  146  9:17  Probe  
  146  9:18  Probe  
  146  9:20  Blink  
  146  9:22  Probe  
  149  9:29  Probe  
  150  9:33  Assimilator  
  150  9:35  Assimilator  
  150  9:44  Nexus  
  150  9:46  Pylon  
  150  9:58  Zealot x8  
  166  10:00  Immortal  
  166  10:01  Protoss Ground Weapons Level 2  
  170  10:20  Zealot x6  
  170  10:21  Zealot x2  
  184  10:27  Templar Archives  
  186  10:40  Pylon  
  186  10:43  Gateway  
  186  10:44  Gateway  
  186  10:48  Gateway  
  186  10:51  Gateway  
  186  11:02  Observer  
  186  11:04  High Templar x4, Gravitic Boosters  
  187  11:05  High Templar x2  
  199  11:18  Archon  
  197  11:20  Archon  
  160  11:35  Stargate  
  160  11:38  Stargate x2  
  152  11:42  Stargate  
  152  11:46  Stargate  
  115  11:54  Probe x4  
  115  11:55  Probe  
  115  11:56  Stalker  
  115  11:57  Stalker x11  
  132  12:06  Probe  
  111  12:27  Immortal x2  
  109  12:34  Stalker x6  
  109  12:35  Zealot x6  
  133  12:39  Probe x4  
  133  12:41  Assimilator  
  133  12:42  Probe, Assimilator  
  120  12:51  Probe x2  
  116  13:00  High Templar x8  
  116  13:01  Immortal x2  
  116  13:02  Zealot x4  
  136  13:07  Archon x3  
  136  13:08  Archon  
  132  13:27  Zealot  
  132  13:28  Zealot x3  
  118  13:44  Nexus  
  118  13:48  Immortal x2, Pylon  
  118  13:51  Protoss Ground Armor Level 2  
  119  14:42  Probe x2  
  119  14:43  Probe  
  122  14:50  Nexus  
  122  14:54  Probe x2  
  122  14:55  Probe  
  122  14:59  Zealot x2  
  129  15:00  Zealot x10  
  129  15:01  Nexus  
  129  15:06  Probe  
  150  15:08  Pylon  
  150  15:13  Pylon  
  150  15:26  Zealot x10  
  166  15:35  Probe x4  
  140  15:47  Probe x3  
  140  15:48  Probe  
  144  15:51  Zealot x2  
  112  15:59  Probe x2  
  112  16:00  Probe  
  95  16:08  Probe x2  
  85  16:11  Probe x2  
  85  16:12  Probe  
  82  16:21  Stalker  
  82  16:22  Stalker x2  
Tags
 
Add a new tag
Caveats
  • Supply blocks, unpowered buildings, or Contaminate may cause inaccurate times.
  • Supply counts are checked every 10 seconds.